 Dungeon Crawl Stone Soup version 0.15-a0-2232-g756d4b8 (webtiles) character file.

93 Bubba the Ruinous (level 4, -7/27 HPs)
             Began as an Octopode Conjurer on July 25, 2014.
             Was an Initiate of Sif Muna.
             Killed from afar by Blork the orc (9 damage)
             ... with a magic dart
             ... on Level 4 of the Dungeon.
             The game lasted 00:10:20 (2362 turns).

Bubba the Ruinous (Octopode Conjurer)               Turns: 2362, Time: 00:10:20

HP  -7/27        AC  1     Str  7      XL: 4   Next: 61%
MP   7/7         EV 12     Int 17      God: Sif Muna [......]
Gold 56          SH  0     Dex 13      Spells:  2 memorised,  2 levels left

rFire  . . .     SeeInvis .     t - +0 hand axe
rCold  . . .     Clarity  .     (no shield)
rNeg   . . .     rCorr    .     (helmet restricted)
rPois  .         rRot     .     (no amulet)
rElec  .         Spirit   .     (no ring)
SustAb .         Warding  .     (no ring)
rMut   .         Stasis   .     (no ring)
Gourm  .                        (no ring)
MR     .....                    (no ring)
                                (no ring)
                                (no ring)
                                (no ring)

@: not resistant to hostile enchantments, fairly stealthy
A: almost no armour, amphibious, 8 rings, constrict 8, camouflage 1, gelatinous
body 1
a: Renounce Religion


You were on level 4 of the Dungeon.
You worshipped Sif Muna.
Sif Muna was noncommittal.
You were not hungry.

You visited 1 branch of the dungeon, and saw 4 of its levels.

You collected 56 gold pieces.

Inventory:

Hand weapons
 t - a +0 hand axe (weapon)
Missiles
 f - 8 poisoned needles
 j - 7 curare-tipped needles
Magical devices
 h - a wand of hasting (6) {unknown}
Comestibles
 a - 3 meat rations
 b - 3 bread rations
 k - 3 chunks of orc flesh
Scrolls
 g - 7 scrolls of identify
 i - a scroll of remove curse
 l - a scroll of enchant armour {unknown}
Jewellery
 m - an uncursed ring of teleportation
Potions
 d - 2 potions of resistance
 e - 2 potions of invisibility {unknown}
 n - a potion of restore abilities {unknown}
 r - 2 potions of confusion {unknown}
 s - a potion of degeneration {unknown}
Books
 c - a book of Conjurations

   Spells                             Type                      Level
   *Magic Dart                        Conjuration                  1
   Searing Ray                        Conjuration                  2
   Dazzling Spray                     Conjuration/Hexes            3
   Fulminant Prism                    Conjuration/Hexes            4
   *Iskenderun's Mystic Blast         Conjuration                  4
   Iskenderun's Battlesphere          Conjuration/Charms           5


   Skills:
 + Level 0.2 Axes
 - Level 2.0 Dodging
 - Level 2.6 Stealth
 + Level 2.2 Spellcasting
 * Level 5.7 Conjurations


You had 2 spell levels left.
You knew the following spells:

 Your Spells              Type           Power        Failure   Level  Hunger
a - Magic Dart            Conj           ###.         1%          1    #......
b - Iskenderun's Mystic   Conj           ###.....     21%         4    #####..


Dungeon Overview and Level Annotations

Branches:
Dungeon (4/15)
 Temple: D:4-7

Altars:
Nemelex Xobeh
Qazlal
Sif Muna
Trog

Annotations:
D:4 Blork the orc, Grinder


Innate Abilities, Weirdness & Mutations

You cannot wear most types of armour.
You are amphibious.
You can wear up to eight rings at the same time.
You can use your tentacles to constrict many enemies at once.
Your skin changes colour to match your surroundings (Stealth).
Your rubbery body absorbs attacks (AC +1).


Message History

Level annotation: Grinder 2 iguanas, 4 orcs and Blork the orc come into view.
Blork the orc shouts!
The orc shouts!
The orc shouts!
The iguana hisses angrily.
Blork the orc gestures wildly while chanting.
Blork the orc seems to speed up.
The orc closely misses you.
Blork the orc hits you with a short sword.
The orc hits you with a club.
Found a beef jerky.
Found a stone staircase leading down.
There is a stone staircase leading up, spattered with blood here.
Read which item? (? for menu, Esc to quit)
Okay, then.
Blork the orc hits you with a short sword.
The iguana bites you. Blork the orc casts a spell at you.
The puff of frost hits you!
* * * LOW HITPOINT WARNING * * *
Blork the orc gestures at you while chanting.
The magic dart hits you!
You die...

#### #######
.....##.....##
..........o...##
...%....@.ool..#
..........l.o..#
...........o..#
..............#
..............#
..............#
........>..#..
............
#..###


You could see Blork the orc, 2 iguanas and 4 orcs.

Vanquished Creatures
  3 adders
  A giant mite (D:3)
  2 worms
  An orc (D:3)
  5 bats (D:1)
  3 giant cockroaches (D:1)
  6 hobgoblins
  2 jackals (D:1)
  3 giant geckos
  3 giant newts
  10 goblins
  A kobold (D:1)
  A quokka (D:3)
  6 rats
47 creatures vanquished.

Notes
Turn   | Place    | Note
--------------------------------------------------------------
     0 | D:1      | Bubba, the Octopode Conjurer, began the quest for the Orb.
     0 | D:1      | Reached XP level 1. HP: 11/11 MP: 3/3
   133 | D:1      | Reached XP level 2. HP: 17/17 MP: 0/4
   589 | D:1      | Reached XP level 3. HP: 21/21 MP: 6/6
   856 | D:2      | Found a bloodstained altar of Trog.
   951 | D:2      | Reached skill level 5 in Conjurations
  1169 | D:2      | Reached XP level 4. HP: 27/27 MP: 4/7
  1598 | D:3      | Learned a level 4 spell: Iskenderun's Mystic Blast
  1646 | D:3      | Found a stormy altar of Qazlal.
  1647 | D:3      | Found a deep blue altar of Sif Muna.
  1650 | D:3      | Found a sparkling altar of Nemelex Xobeh.
  1656 | D:3      | Became a worshipper of Sif Muna the Loreminder
  1855 | D:4      | Noticed Grinder
  1993 | D:4      | HP: 1/27 [Grinder (5)]
  2359 | D:4      | Noticed Blork the orc
  2362 | D:4      | Killed from afar by Blork the orc

Action                   |  1- 3 |  4- 6 || total
-------------------------+-------+-------++-------
Melee: Unarmed           |    29 |       ||    29
       Spear             |    10 |       ||    10
       Hand axe          |       |     4 ||     4
 Cast: Magic Dart        |    47 |    33 ||    80
  Use: Scroll            |     7 |       ||     7
  Eat: Chunk             |     1 |     1 ||     2
       Pizza             |       |     1 ||     1
       Beef jerky        |       |     1 ||     1
